 Dungeon Crawl Stone Soup version 0.31-a0-988-g08d55dae12 (webtiles) character file.

Game seed: 5227401067556122943

454 Armakuni the Charlatan (level 7, -4/48 HPs)
             Began as a Human Artificer on Nov 4, 2023.
             Splashed by a jelly's acid (7 damage)
             ... on level 4 of the Dungeon.
             The game lasted 00:08:50 (2774 turns).

Armakuni the Charlatan (Human Artificer)            Turns: 2774, Time: 00:08:50

Health: -4/48      AC: -3    Str: 14    XL:     7   Next: 26%
Magic:  7/7        EV: 11    Int: 11    God:
Gold:   186        SH:  0    Dex: 14    Spells: 6/6 levels left

rFire   + . .        e - staff of fire
rCold   . . .        (no shield)
rNeg    . . .        h - +0 leather armour
rPois   +            (no helmet)
rElec   .            (no cloak)
rCorr   .            (no gloves)
SInv    .            n - +0 pair of boots
Will    .....        (no amulet)
Stlth   +            P - ring of poison resistance
HPRegen 0.28/turn    (no ring)
MPRegen 0.10/turn

%: no passive effects
@: corroded
A: no striking features
a: no special abilities


You were on level 4 of the Dungeon.
You visited 1 branch of the dungeon, and saw 4 of its levels.

You collected 186 gold pieces.

Inventory:

Hand Weapons
 a - a +0 dagger of electrocution
 b - a +0 quarterstaff
 l - a +3 whip
 o - a +0 dagger of draining
Armour
 h - a +0 leather armour (worn)
 n - a +0 pair of boots (worn)
Magical Staves
 e - a staff of fire (weapon)
Jewellery
 P - a ring of poison resistance (left hand)
Wands
 c - a wand of charming (13)
Scrolls
 f - 2 scrolls of identify
 g - 4 scrolls of immolation
 i - a scroll of butterflies
 p - a scroll of blinking
Potions
 k - 3 potions of resistance
 m - a potion of lignification


   Skills:
 - Level 1.0 Fighting
 + Level 2.6 Staves
 - Level 2.0 Armour
 - Level 1.0 Dodging
 - Level 1.0 Stealth
 + Level 4.8 Fire Magic
 - Level 5.0 Evocations


You had 6 spell levels left.
You didn't know any spells.
Your spell library contained the following spells:

 Spells                   Type           Power      Damage    Failure   Level
 Scorch                   Fire           32%        2d6       9%          2
 Flame Wave               Conj/Fire      8%         2d5       85%         4
 Summon Cactus Giant      Summ           0%         N/A       100%        6


Dungeon Overview and Level Annotations

Branches:
Dungeon (4/15)
 Temple: D:4-7

Altars:
Dithmenos

Annotations:
D:4 2 transporters, night's ghost, amateur DsHs


Message History

Okay, then.
Your +0 dagger of electrocution stops crackling.
e - a staff of fire (weapon)
The giant cockroach bites you but does no damage.
You closely miss the giant cockroach.
The giant cockroach is moderately wounded.
The giant cockroach barely misses you.
You hit the giant cockroach but do no damage.
You burn the giant cockroach!
You kill the giant cockroach!
The jelly hits you but does no damage.
You hit the jelly. The acid corrodes you!
Your hands burn!
The jelly is moderately wounded.
The jelly hits you.
You are splashed with acid!
You hit the jelly but do no damage.
Your hands burn!
The jelly is moderately wounded.
The jelly closely misses you.
You hit the jelly but do no damage. You burn the jelly!
Your hands burn!
The jelly is severely wounded.
The jelly barely misses you.
You hit the jelly but do no damage.
Your hands burn!
The jelly is severely wounded.
The jelly misses you.
You hit the jelly but do no damage.
Your hands burn!
The jelly is severely wounded.
The jelly barely misses you.
You barely miss the jelly.
The jelly is severely wounded.
The jelly closely misses you.
You hit the jelly but do no damage. You burn the jelly.
Your hands burn!
The jelly is almost dead.
The jelly hits you. The acid corrodes you!
You are splashed with acid!
* * * LOW HITPOINT WARNING * * *
You hit the jelly but do no damage.
Your hands burn!
* * * LOW HITPOINT WARNING * * *
The jelly is almost dead.
The jelly hits you.
* * * LOW HITPOINT WARNING * * *
You are splashed with acid!
You die...

........
........ ...#
.####### ...<
.# #..# .#
#..# .# #..#
.# #..# .#
#J†# .# #.@##
.# #...# .#
#.#.# .#
#.#.# .#
#.#.## .#
#....#######.
.#
#............
.#
##...#######.
.# ##.##


You could see a jelly.

Vanquished Creatures
  Sigmund (D:2)
  2 scorpions (D:3)
  An orc priest (D:4)
  A jelly (D:4)
  3 adders
  2 worms
  3 dart slugs (D:1)
  7 orcs
  8 ball pythons
  5 bats
  7 endoplasms
  5 giant cockroaches
  8 goblins
  4 hobgoblins
  8 kobolds
  3 quokkas
  5 frilled lizards
  4 rats
77 creatures vanquished.

Vanquished Creatures (others)
  A scorpion (D:4)
1 creature vanquished.

Grand Total: 78 creatures vanquished

Notes
Turn   | Place    | Note
-------+----------+-------------------------------------------
     0 | D:1      | Armakuni the Human Artificer began the quest for the Orb.
     0 | D:1      | Reached XP level 1. HP: 15/15 MP: 1/1
    99 | D:1      | Reached XP level 2. HP: 21/21 MP: 2/2
   298 | D:1      | Reached skill level 4 in Evocations
   298 | D:1      | Reached XP level 3. HP: 25/26 MP: 3/3
   861 | D:2      | Reached XP level 4. HP: 29/32 MP: 4/4
   983 | D:2      | Noticed Sigmund
   988 | D:2      | Killed Sigmund
   989 | D:2      | Reached skill level 5 in Evocations
   989 | D:2      | Reached XP level 5. HP: 35/37 MP: 5/5
   989 | D:2      | Reached XP level 6. HP: 41/43 MP: 6/6
  1980 | D:4      | Reached skill level 1 in Staves
  2144 | D:3      | Reached XP level 7. HP: 10/48 MP: 7/7
  2409 | D:4      | Found a transporter.
  2411 | D:4      | Noticed night's ghost (amateur DsHs)
  2413 | D:4      | Found a transporter.
  2572 | D:4      | Found a shadowy altar of Dithmenos.
  2774 | D:4      | Splashed by a jelly's acid

Illustrated notes

Levels and vault maps discovered:
D:1:      shiori_arrival_maze, layout_rooms
D:2:      layout_basic, minmay_misc_feat_pillars, uniq_sigmund
D:3:      layout_loops_cross, st_stairs_14
D:4:      layout_loops_ring, mainiacjoe_overflow_paths,
          gammafunk_ghost_mausoleum

Skill      XL: |  1  2  3  4  5  6 |
---------------+-------------------+-----
Evocations     | 4 5 |  5.0
Fire Magic     | 3 4 |  4.8
Staves         | 2 |  2.6
Fighting       | |  1.0
Armour         | |  2.0
Dodging        | |  1.0
Stealth        | |  1.0

Action                     |  1- 3 |  4- 6 |  7- 9 || total
---------------------------+-------+-------+-------++-------
  Melee: Club              |    12 |       |       ||    12
         Dagger            |   124 |    89 |    34 ||   247
         Punch             |     1 |       |       ||     1
         Staff             |       |       |    10 ||    10
  Evoke: Wand              |     3 |    12 |     7 ||    22
    Use: Scroll            |     4 |     1 |     1 ||     6
   Stab: Sleeping          |     1 |     3 |       ||     4
 Armour: Leather armour    |    54 |    67 |    28 ||   149
  Dodge: Dodged            |    81 |    46 |    20 ||   147

Table legend: (Time is in decaauts)
 A = Elapsed time spent in this place.
 B = Non-inter-level travel time spent in this place.
 C = Inter-level travel time spent in this place.
 D = Time resting spent in this place.
 E = Time spent auto-exploring this place.
 F = Levels seen in this place.
 G = Mean time per level.
                   A        B        C        D        E       F      G
               +--------+--------+--------+--------+--------+-----+--------+
         Total |   2778 |   2713 |     65 |    410 |   1557 |   4 |  694.5 |
       Dungeon |   2778 |   2713 |     65 |    410 |   1557 |   4 |  694.5 |
               +--------+--------+--------+--------+--------+-----+--------+

Top non-repeatable levels by time:
     D:3: 1026 daAuts
     D:1: 711 daAuts
     D:2: 603 daAuts
     D:4: 437 daAuts
